 Dungeon Crawl Stone Soup version 0.29.1-15-g9cfb28693d (webtiles) character file.

Game seed: 17677168484924900632

741 ThatPearl the Conjurer (level 7, -11/75 HPs)
             Began as a Demigod Conjurer on Mar 25, 2023.
             Killed by miscasting Irradiate (17 damage)
             ... on level 5 of the Dungeon.
             The game lasted 00:13:04 (5425 turns).

ThatPearl the Conjurer (Demigod Conjurer)           Turns: 5425, Time: 00:13:04

Health: -11/75     AC: 23    Str:  8    XL:     7   Next: 22%
Magic:  5/17       EV:  2    Int: 28    God:
Gold:   340        SH:  0    Dex: 12    Spells: 3/15 levels left

rFire   . . .      SeeInvis .   q - +2 dagger (venom)
rCold   . . .      Faith    .   (no shield)
rNeg    . . .      Spirit   .   (body armour currently unavailable)
rPois   +          Reflect  .   (helmet currently unavailable)
rElec   .          Harm     .   (cloak currently unavailable)
rCorr   .          Rampage  .   (gloves currently unavailable)
Will    .....      NoTele   +   (boots currently unavailable)
Stlth   ++........              (no amulet)
HPRegen 0.22/turn               (no ring)
MPRegen 0.15/turn               (no ring)

@: tree-form, weakened, very slightly contaminated
A: stationary, stasis, torment immunity, boosted hp, high MP 1, forlorn, divine
attributes
a: no special abilities


You were on level 5 of the Dungeon.
You were a tree.
You visited 1 branch of the dungeon, and saw 5 of its levels.

You collected 340 gold pieces.

Inventory:

Hand Weapons
 l - a +0 rapier of holy wrath
 q - a +2 dagger of venom (weapon)
 s - a +0 sling
Missiles
 u - 2 throwing nets
 z - 6 poisoned darts
Armour
 c - a +0 pair of gloves (melded)
 m - the +0 robe of Trial and Error (melded) {Str+2 Int+2}
   (You found it on level 2 of the Dungeon)

   Str:       It affects your strength (+2).
   Int:       It affects your intelligence (+2).
Magical Staves
 t - a staff of air
Jewellery
 C - the ring "Vureroh" {+Blink Will+ Int-5 Slay+4}
   (You found it on level 5 of the Dungeon)

   [ring of slaying]

   Int:       It affects your intelligence (-5).
   Slay:      It affects your accuracy & damage with ranged weapons and melee
   (+4).
   +Blink:    It lets you blink.
   Will:      It increases your willpower.
Scrolls
 a - 3 scrolls of poison {unknown}
 b - 4 scrolls of teleportation
 d - a scroll of butterflies {unknown}
 f - a scroll of fear {unknown}
 h - a scroll of torment {unknown}
 j - 3 scrolls of immolation {unknown}
 n - 2 scrolls of noise {unknown}
 o - a scroll of summoning {unknown}
 p - a scroll of magic mapping {unknown}
 r - a scroll of brand weapon {unknown}
 v - a scroll of vulnerability {unknown}
 y - a scroll of enchant armour {unknown}
 A - a scroll of blinking {unknown}
Potions
 e - 4 potions of attraction
 i - a potion of heal wounds {unknown}
 k - a potion of flight
 w - a potion of degeneration {unknown}
 x - a potion of cancellation {unknown}
 B - a potion of magic


   Skills:
 + Level 4.2 Dodging
 - Level 1.7 Stealth
 + Level 4.5 Spellcasting
 + Level 5.8 Conjurations


You had 3 spell levels left.
You knew the following spells:

 Your Spells              Type           Power      Damage    Failure   Level
f - Fulminant Prism       Conj/Hex       11%        3d9       22%         4
i - Irradiate             Conj/Tmut      11%        3d15      52%         5
m - Magic Dart            Conj           100%       1d8       1%          1
s - Searing Ray           Conj           78%        2d7       1%          2

Your spell library contained the following spells:

 Spells                   Type           Power      Damage    Failure   Level
 Conjure Flame            Conj/Fire      22%        6-21      6%          3
 Dazzling Flash           Conj/Hex       44%        N/A       6%          3
 Poisonous Vapours        Pois/Air       12%        N/A       11%         2
 Ignite Poison            Fire/Tmut/Pois 6%         N/A       22%         3
 Iskenderun's Mystic Bla  Conj/Tloc      22%        2d6       22%         4
 Sticky Flame             Conj/Fire      22%        2d4       22%         4
 Lightning Bolt           Conj/Air       11%        1d24      52%         5
 Airstrike                Air            3%         2d(1-17)  56%         4
 Corpse Rot               Necr/Pois/Air  6%         N/A       56%         4
 Summon Lightning Spire   Summ/Air       6%         N/A       56%         4
 Blade Hands              Tmut           3%         N/A       89%         5
 Dragon Form              Tmut           3%         N/A       100%        7


Dungeon Overview and Level Annotations

Branches:
Dungeon (5/15)
 Temple: D:4-7

Annotations:
D:4 3 runed translucent doors, 2 transporters, Seidenschwarz's ghost, novice MiFi


Innate Abilities, Weirdness & Mutations

You are a tree.
Your roots penetrate the ground, keeping you stationary.
You cannot be teleported.
You are immune to unholy pain and torment.
Your maximum health is greatly increased.
Your equipment is partially melded.
You have an increased reservoir of magic. (+10% MP)
You shall have no god before yourself.
Your divine heritage dramatically boosts your attributes as you level up.


Message History

Aim: a gnoll, wielding a +0 spear (covering ground quickly, 84% to hit)
The searing ray hits the gnoll bouda!
The gnoll bouda is severely wounded.
The searing ray hits the gnoll.
The gnoll is moderately wounded.
The searing ray hits the gnoll!
The gnoll is severely wounded. (Press . to maintain the ray.)
The gnoll closely misses you.
The searing ray hits the gnoll.
The gnoll is moderately wounded.
The searing ray hits the gnoll!
You kill the gnoll!
The gnoll hits you with a +0 flail!
* * * LOW HITPOINT WARNING * * *
The gnoll closely misses you.
The gnoll bouda hits you with a +0 club.
* * * LOW HITPOINT WARNING * * *
Really quaff the potion of lignification?
Okay, then.
Sorry, you're not good enough to have a special ability.
There are no items here.
Really quaff the potion of lignification?
You turn into a tree.
Your +0 pair of gloves melds into your body.
The +0 robe of Trial and Error {Str+2 Int+2} melds into your body.
Your roots penetrate the ground.
The gnoll hits you but does no damage. The gnoll hits you with a +0 flail!
* * * LOW HITPOINT WARNING * * *
The gnoll hits you but does no damage.
The gnoll bouda utters an invocation to its god.
The gnoll bouda is healed somewhat.
Okay, then.
Casting: Searing Ray (safe; 1% risk of failure)
Confirm with . or Enter, or press ? or * to list all spells.
The spell is quite dangerous to miscast (52% risk of failure)!
Continue anyway?
You miscast Irradiate.
You are very lightly contaminated with residual magic.
You are caught in a violent explosion!
You die... ....... ....... #.#.##.. ....... #......# ....... #....>.# ....g #......# .gg

#......# . #.## ##......###.# .
#.)###........... .
##.gg♣.......##... #
##.gg.##........# #
#........##.##.###.# .
......##......##.###. .
#..........##............. .
#..........##....####..... .
#..........##.....### #..# . ..
#..........######...## #....##
#...............###..####.#....


You could see a gnoll bouda and 3 gnolls.

Vanquished Creatures
  A black bear (D:4)
  A phantom (D:4)
  A necrophage (D:4)
  A scorpion (D:5)
  A howler monkey (D:4)
  A jelly (D:4)
  A hound (D:5)
  2 orc priests (D:3)
  An iguana (D:4)
  An orc wizard (D:3)
  7 gnolls
  7 adders
  2 worms (D:2)
  3 dart slugs
  14 orcs
  8 ball pythons
  5 endoplasms
  A giant cockroach (D:2)
  7 goblins
  9 hobgoblins
  4 jackals (D:2)
  5 quokkas
  6 bats
  2 frilled lizards
  8 kobolds
  4 rats
103 creatures vanquished.

Notes
Turn   | Place    | Note
-------+----------+-------------------------------------------
     0 | D:1      | ThatPearl the Demigod Conjurer began the quest for the Orb.
     0 | D:1      | Reached XP level 1. HP: 14/14 MP: 5/5
   588 | D:1      | Reached XP level 2. HP: 20/20 MP: 2/7
   591 | D:1      | Learned a level 2 spell: Searing Ray
  1000 | D:2      | Reached skill level 4 in Conjurations
  1231 | D:2      | HP: 1/20 [quokka (3)]
  1691 | D:2      | Reached XP level 3. HP: 26/26 MP: 4/9
  1895 | D:2      | Identified the +0 robe of Trial and Error {Str+2 Int+2}
  2340 | D:3      | Reached XP level 4. HP: 33/33 MP: 4/11
  3049 | D:3      | Reached XP level 5. HP: 28/38 MP: 7/12
  3638 | D:3      | Learned a level 4 spell: Fulminant Prism
  3918 | D:4      | Reached skill level 5 in Conjurations
  4021 | D:4      | Reached XP level 6. HP: 35/45 MP: 3/14
  4027 | D:4      | Learned a level 5 spell: Irradiate
  4141 | D:4      | Found a runed translucent gate.
  4142 | D:4      | Found a runed translucent gate.
  4143 | D:4      | Found a runed translucent gate.
  4143 | D:4      | Noticed Seidenschwarz's ghost (novice MiFi)
  4279 | D:4      | Found a transporter.
  4283 | D:4      | Found a transporter.
  4284 | D:4      | Noticed a wyvern
  4286 | D:4      | Noticed a hornet
  4943 | D:4      | Reached XP level 7. HP: 40/50 MP: 7/16
  5196 | D:5      | Entered Level 5 of the Dungeon
  5330 | D:5      | Identified the ring "Vureroh" {+Blink Will+ Int-5 Slay+4}
  5425 | D:5      | Killed by miscasting Irradiate

Illustrated notes

Levels and vault maps discovered:
D:1:      dpeg_arrival_snail, layout_basic, ebering_ecumenical_altar_rust
D:2:      layout_basic, minmay_tiny_reverse_x
D:3:      layout_loops_ring, mainiacjoe_overflow_alcove_2,
          mainiacjoe_overflow_cross_hatched, old_standard_altar
D:4:      minmay_chambers_of_twos, layout_loops_ring,
          gammafunk_temple_overflow_arena, gammafunk_ghost_split
D:5:      minmay_goblin_kobold_castle, layout_rooms, marbit_many_paths

Skill      XL: |  1  2  3  4  5  6 |
---------------+-------------------+-----
Spellcasting   | 2 3 4 |  4.5
Conjurations   | 4 5 |  5.8
Dodging        | 2 3 4 |  4.2
Stealth        | |  1.7

Action                   |  1- 3 |  4- 6 |  7- 9 || total
-------------------------+-------+-------+-------++-------
Melee: Dagger            |     3 |    14 |     1 ||    18
       Rapier            |     2 |    10 |       ||    12
 Cast: Magic Dart        |    74 |    82 |     7 ||   163
       Searing Ray       |     5 |    18 |     4 ||    27
  Use: Potion            |     2 |       |     1 ||     3
       Scroll            |       |       |     4 ||     4
 Stab: Sleeping          |     1 |     1 |       ||     2
Armor: Robe              |     3 |    13 |       ||    16
       Skin              |       |       |     2 ||     2
Dodge: Dodged            |     9 |    31 |    10 ||    50
